 Dungeon Crawl Stone Soup version 0.25-a0-589-g1e14c549ee (webtiles) character file.

Game seed: 10712237901323929055, levelgen mode: deterministic

1837 kae the Schismatic (level 8, -1/64 HPs)
             Began as a Demonspawn Abyssal Knight on Mar 12, 2020.
             Was an Elder of Lugonu.
             Slain by a centaur (9 damage)
             ... on level 7 of the Dungeon.
             The game lasted 00:07:18 (7280 turns).

kae the Schismatic (Demonspawn Abyssal Knight)      Turns: 7280, Time: 00:07:19

Health: -1/64      AC:  7    Str: 14    XL:     8   Next: 87%
Magic:  13/13      EV: 11    Int: 13    God:    Lugonu [****..]
Gold:   224        SH:  0    Dex: 20    Spells: 7/7 levels left

rFire    . . .     SeeInvis .   a - +4 falchion
rCold    + . .     Gourm    .   (no shield)
rNeg     . . .     Faith    .   b - +1 leather armour
rPois    +         Spirit   .   (helmet restricted)
rElec    .         Reflect  .   (no cloak)
rCorr    .         Harm     .   (no gloves)
MR       .....                  q - +1 pair of boots
Stlth    ++........             i - amulet of magic regeneration
HPRegen  0.20/turn              e - +4 ring of dexterity
MPRegen  0.38/turn              o - +2 ring of dexterity

@: no status effects
A: horns 1, cold resistance 1, poison resistance, powered by death 2, powered by
pain 2, shaggy fur 1
a: Depart the Abyss, Bend Space, Banish, Corrupt, Renounce Religion


You were on level 7 of the Dungeon.
You worshipped Lugonu.
Lugonu was greatly pleased with you.
You were hungry.

You visited 1 branch of the dungeon, and saw 7 of its levels.
You visited the Abyss 1 time.

You collected 296 gold pieces.
You spent 72 gold pieces at shops.

Inventory:

Hand Weapons
 a - a +4 falchion (weapon)
Armour
 b - a +1 leather armour (worn)
 q - a +1 pair of boots (worn)
Jewellery
 e - a +4 ring of dexterity (left hand)
 f - an uncursed ring of ice
 h - an uncursed ring of fire
 i - an amulet of magic regeneration (around neck)
 o - a +2 ring of dexterity (right hand)
Wands
 g - a wand of flame (6)
Scrolls
 d - 5 scrolls of teleportation
 k - 2 scrolls of remove curse
 r - 2 scrolls of enchant armour
Potions
 j - a potion of lignification
 l - 3 potions of curing
 m - 3 potions of stabbing
 n - a potion of brilliance
 p - a potion of flight
 s - a potion of invisibility
 u - 2 potions of berserk rage {unknown}
Comestibles
 c - 12 rations


   Skills:
 + Level 5.8 Fighting
 * Level 6.9 Long Blades
 + Level 4.9 Armour
 - Level 0.8 Dodging
 + Level 7.1 Invocations


You had 7 spell levels left.
You didn't know any spells.
Your spell library contained the following spells:

 Spells                   Type           Power        Failure   Level  Hunger
 Confusing Touch          Hex            #.......     75%         3    ####...
 Gell's Gravitas          Tloc           #.........   75%         3    ####...
 Petrify                  Tmut/Erth      #.......     98%         4    #####..
 Metabolic Englaciation   Hex/Ice        #.........   100%        5    ######.
 Yara's Violent Unravell  Hex/Tmut       #.........   100%        5    ######.


Dungeon Overview and Level Annotations

Branches:
Dungeon (7/15)             Temple (0/1) D:7

Altars:
Hepliaklqana
Qazlal
Ru
Zin
The Shining One

Shops:
D:4 ?   D:7 %

Annotations:
D:2 Sigmund
D:4 3 runed translucent doors, Patate's ghost, novice GrBe; Protee's ghost, amateur MfIE; kae's ghost, novice DsAK; olaf's ghost, amateur GnSu
D:7 exclusion: 2 centaurs


Innate Abilities, Weirdness & Mutations

You have a pair of small horns on your head.
You regenerate health from kills.
You sometimes gain power by taking damage.
Your flesh is cold resistant. (rC+)
Your system is resistant to poisons. (rPois)
You are covered in fur. (AC +1)


Message History

The centaur unwields a +0 shortbow.
The centaur hits you.
* * * LOW HITPOINT WARNING * * *
You closely miss the centaur. You headbutt the centaur!
The centaur is moderately wounded.
The centaur hits you but does no damage.
You hit the centaur.
The centaur is severely wounded.
The centaur hits you.
* * * LOW HITPOINT WARNING * * *
The centaur barely misses you.
You hit the centaur.
The centaur is almost dead.
The centaur hits you but does no damage.
You hit the centaur.
The centaur is almost dead.
The centaur completely misses you. The leopard gecko bites you.
* * * LOW HITPOINT WARNING * * *
A howler monkey zombie comes into view.
The centaur hits you!
You die...

############.########.#
........................
............(.....######
............(.....# #
..................#
................$.#
.........(........#
........(.........#
..∩....@..........#
.......cl.........#
..................#
..................#
..................
.................
................
###....Z.......


You could see a centaur, a howler monkey zombie (wandering) and a leopard gecko.

Vanquished Creatures
  Pikel (D:5)
  An ice beast (D:7)
  A sky beast (D:6)
  3 slaves (D:5)
  A phantom (D:4)
  3 ogres
  A big kobold (D:3)
  A howler monkey (D:6)
  4 crimson imps
  A gnoll shaman (D:4)
  An orc priest (D:5)
  2 orc wizards (D:7)
  2 iguanas
  4 worker ants
  A hound skeleton (D:6)
  7 gnolls
  A howler monkey skeleton (D:6)
  12 adders
  A shadow imp (D:6)
  An ooze (D:6)
  2 adder skeletons (D:4)
  5 worms
  3 dart slugs
  6 leopard geckos
  8 orcs
  3 ball pythons
  5 giant cockroaches
  7 hobgoblins
  6 jackals
  12 kobolds
  3 quokkas
  8 bats
  7 frilled lizards
  9 goblins
  11 rats
144 creatures vanquished.

Vanquished Creatures (others)
  2 withered plants (D:4)
2 creatures vanquished.

Grand Total: 146 creatures vanquished

Notes
Turn   | Place    | Note
-------+----------+-------------------------------------------
     0 | Abyss:1  | kae the Demonspawn Abyssal Knight began the quest for the
                  | Orb.
     0 | Abyss:1  | Reached XP level 1. HP: 18/18 MP: 2/2
    35 | Abyss:1  | Found a corrupted altar of Lugonu.
    67 | Abyss:1  | Noticed a spatial maelstrom
    68 | D:1      | Escaped the Abyss
   162 | D:1      | Reached * piety under Lugonu
   234 | D:1      | Gained mutation: You sometimes gain a little power by
                  | taking damage. [demonic ancestry]
   234 | D:1      | Reached XP level 2. HP: 13/24 MP: 4/4
   631 | D:1      | Reached skill level 3 in Invocations
   750 | D:1      | Gained mutation: You regenerate a little health from kills.
                  | [demonic ancestry]
   750 | D:1      | Reached XP level 3. HP: 25/29 MP: 5/5
  1279 | D:2      | Noticed Sigmund
  1284 | D:2      | Gained mutation: Your system is resistant to poisons.
                  | (rPois) [potion of mutation]
  1284 | D:2      | Gained mutation: Your flesh is cold resistant. (rC+)
                  | [potion of mutation]
  1284 | D:2      | Gained mutation: You are covered in fur. (AC +1) [potion of
                  | mutation]
  1739 | D:1      | Reached ** piety under Lugonu
  1879 | D:2      | Found a glowing golden altar of the Shining One.
  2151 | D:2      | Gained mutation: You sometimes gain power by taking damage.
                  | [demonic ancestry]
  2151 | D:2      | Reached XP level 4. HP: 28/35 MP: 6/6
  3079 | D:2      | Gained mutation: You have a pair of small horns on your
                  | head. [demonic ancestry]
  3079 | D:2      | Reached XP level 5. HP: 17/41 MP: 7/7
  3361 | D:2      | Found a sacrificial altar of Ru.
  3759 | D:3      | Reached skill level 4 in Invocations
  3879 | D:3      | Reached XP level 6. HP: 24/48 MP: 9/9
  4050 | D:3      | Reached *** piety under Lugonu
  4619 | D:3      | Found a stormy altar of Qazlal.
  4692 | D:4      | Found a glowing silver altar of Zin.
  4704 | D:4      | Found a hazy altar of Hepliaklqana.
  4717 | D:4      | Found a runed translucent gate.
  4718 | D:4      | Found a runed translucent gate.
  4723 | D:4      | Found a runed translucent gate.
  4723 | D:4      | Noticed Patate's ghost (novice GrBe)
  4723 | D:4      | Noticed kae's ghost (novice DsAK)
  4724 | D:4      | Noticed Protee's ghost (amateur MfIE)
  4724 | D:4      | Noticed olaf's ghost (amateur GnSu)
  4780 | D:4      | Found Biejouja's Magic Scroll Shop.
  4788 | D:4      | Bought a scroll of identify for 24 gold pieces
  4788 | D:4      | Bought a scroll of identify for 24 gold pieces
  4788 | D:4      | Bought a scroll of identify for 24 gold pieces
  5008 | D:4      | Reached XP level 7. HP: 42/55 MP: 10/10
  5147 | D:4      | Reached skill level 5 in Invocations
  5202 | D:4      | Reached skill level 5 in Long Blades
  5427 | D:5      | Entered Level 5 of the Dungeon
  6023 | D:5      | Noticed Pikel
  6050 | D:5      | Killed Pikel
  6050 | D:5      | Reached skill level 5 in Fighting
  6050 | D:5      | Reached skill level 6 in Invocations
  6050 | D:5      | Gained mutation: You regenerate health from kills. [demonic
                  | ancestry]
  6050 | D:5      | Reached XP level 8. HP: 30/62 MP: 12/12
  7125 | D:7      | Reached skill level 7 in Invocations
  7156 | D:7      | Found a staircase to the Ecumenical Temple.
  7176 | D:7      | Reached **** piety under Lugonu
  7274 | D:7      | Found Leup's Food Shoppe.
  7280 | D:7      | Slain by a centaur

Levels and vault maps discovered:
D:1:      mushboom_english_gardens, layout_rooms, minmay_fountain_box
D:2:      layout_basic, nicolae_ru_path_of_blood, tso_altar,
          minmay_large_rounded_square, bh_chokoban, uniq_sigmund
D:3:      layout_rooms, marbit_many_paths, serial_bayou_lagoon_b
D:4:      layout_rooms, chequers_temple_overflow_statue_of_worship,
          gammafunk_ghost_cemetery, serial_shops, shop
D:5:      layout_gridville, first_ration, serial_rivers,
          chequers_serial_rivers_large_a, chequers_serial_rivers_micro_b,
          chequers_serial_rivers_small_b, chequers_serial_rivers_micro_c,
          uniq_pikel
D:6:      layout_loops_ring
D:7:      layout_basic, minmay_temple_entry_sparse_star, serial_shops, shop,
          chequers_guarded_unrand_ignorance, uniq_joseph

Skill      XL: |  1  2  3  4  5  6  7  8 |
---------------+-------------------------+-----
Long Blades    | 2 3 4 6 |  6.9
Armour         | 2 3 4 |  4.9
Invocations    | 3 4 6 7 |  7.1
Fighting       | 4 5 |  5.8
Dodging        | |  0.8

Action                   |  1- 3 |  4- 6 |  7- 9 || total
-------------------------+-------+-------+-------++-------
Melee: Falchion          |   131 |   204 |   198 ||   533
       Headbutt          |       |    26 |    49 ||    75
Invok: Depart the Abyss  |     1 |       |       ||     1
Evoke: Wand              |       |     2 |     4 ||     6
  Use: Scroll            |     3 |    12 |     6 ||    21
       Potion            |     2 |       |       ||     2
 Stab: Sleeping          |     1 |     1 |       ||     2
       Distracted        |       |       |     1 ||     1
  Eat: Chunk             |     4 |     9 |     7 ||    20
Armor: Leather armour    |    46 |    80 |    60 ||   186
Dodge: Dodged            |    74 |   125 |    83 ||   282
       Rpst.: Falchion   |    25 |    39 |    22 ||    86

Table legend:
 A = Non-vault XP
 B = Vault XP
 C = Vault XP percentage of total XP
 D = Non-vault monster count
 E = Vault monster count
 F = Vault count percentage of total count
                 A         B        C        D         E       F
            +---------+---------+-------+---------+---------+-------
      Total |    1973 |     652 |  24.8 |     139 |       2 |   1.4
            +---------+---------+-------+---------+---------+-------
        D:1 |      51 |       0 |   0.0 |      28 |       0 |   0.0
        D:2 |     189 |       0 |   0.0 |      36 |       0 |   0.0
        D:3 |     214 |       1 |   0.5 |      30 |       1 |   3.2
        D:4 |     506 |       0 |   0.0 |      14 |       0 |   0.0
        D:5 |     207 |     651 |  75.9 |      11 |       1 |   8.3
        D:6 |     527 |       0 |   0.0 |      11 |       0 |   0.0
        D:7 |     279 |       0 |   0.0 |       9 |       0 |   0.0
            +---------+---------+-------+---------+---------+-------
